 Dungeon Crawl Stone Soup version 0.21.1-1-g345015f (webtiles) character file.

14989 LairdRich the Severer (level 11, -5/104 HPs)
             Began as a Minotaur Berserker on June 24, 2018.
             Was a High Priest of Trog.
             Succumbed to Sonja's curare-tipped needle
             ... on level 11 of the Dungeon.
             The game lasted 00:27:45 (11230 turns).

LairdRich the Severer (Minotaur Berserker)         Turns: 11230, Time: 00:27:45

Health: -5/104     AC: 17    Str: 22    XL:     11   Next: 96%
Magic:  2/10       EV:  8    Int:  4    God:    Trog [*****.]
Gold:   696        SH:  3    Dex: 13    Spells: 10/10 levels left

rFire    . . .     SeeInvis .   b - +2 trident (protect)
rCold    . . .     Gourm    .   q - +0 buckler
rNeg     . . .     Faith    .   e - +0 chain mail
rPois    .         Spirit   +   (helmet restricted)
rElec    .         Reflect  .   v - +0 cloak
rCorr    .         Harm     .   f - +1 pair of gloves
MR       .....                  w - +0 pair of boots
Stlth    ..........             B - amulet of guardian spirit
HPRegen  0.27/turn              D - ring of flight
MPRegen  0.12/turn              L - +2 ring of slaying

@: lethally poisoned (-5 -> -84), slowed, very slow
A: retaliatory headbutt, horns 2
a: Berserk, Trog's Hand, Brothers in Arms, Burn Spellbooks, Renounce Religion,
Evoke Flight


You were on level 11 of the Dungeon.
You worshipped Trog.
Trog was extremely pleased with you.
You were not hungry.

You visited 1 branch of the dungeon, and saw 11 of its levels.
You visited the Abyss 1 time.
You also visited: Ossuary.

You collected 696 gold pieces.

Inventory:

Hand Weapons
 a - a +4 war axe of chopping
 b - a +2 trident of protection (weapon)
 E - a +0 war axe
 K - a +1 hand axe of electrocution
Armour
 e - a +0 chain mail (worn)
 f - a +1 pair of gloves (worn)
 q - a +0 buckler (worn)
 v - a +0 cloak (worn)
 w - a +0 pair of boots (worn)
 z - a +0 large shield
Jewellery
 B - an amulet of guardian spirit (around neck)
 D - a ring of flight (left hand)
 L - a +2 ring of slaying (right hand)
Wands
 t - a wand of flame (18)
 y - a wand of polymorph (23)
Scrolls
 d - 3 scrolls of fog
 h - a scroll of teleportation
 p - 3 scrolls of remove curse
 s - 5 scrolls of identify
 H - 2 scrolls of fear
 I - a scroll of brand weapon {unknown}
Potions
 g - 4 potions of curing
 j - a potion of haste
 k - a potion of mutation {unknown}
 l - a potion of cancellation {unknown}
 m - a potion of heal wounds {unknown}
 o - 2 potions of lignification
 C - 2 potions of agility
 F - a potion of ambrosia {unknown}
Comestibles
 c - 5 rations


   Skills:
 + Level 12.0 Fighting
 * Level 15.9 Axes
 + Level 11.7 Armour
 - Level 2.1 Dodging


You had 10 spell levels left.
You didn't know any spells.

Dungeon Overview and Level Annotations

Branches:
Dungeon (11/15)            Temple (0/1) D:5            Lair (0/6) D:11
    Orc (0/2) D:10

Altars:
Ashenzari
Cheibriados
Elyvilon
Fedhas
Kikubaaqudgha
Okawaru
Qazlal
Trog
Wu Jian
Xom
The Shining One

Annotations:
D:11 Sonja


Innate Abilities, Weirdness & Mutations

You reflexively headbutt those who attack you in melee.
You have a pair of horns on your head.


Message History

Sonja shoots a curare-tipped needle.
The curare-tipped needle hits you.
You are more poisoned.
You have difficulty breathing.
* * * LOW HITPOINT WARNING * * *
You feel as though you will be slow longer.
You see here 2 curare-tipped needles.
* * * LOW HITPOINT WARNING * * *
You feel extremely sick.
Sonja shoots a curare-tipped needle.
The curare-tipped needle hits you.
You are more poisoned.
You have difficulty breathing.
* * * LOW HITPOINT WARNING * * *
You feel as though you will be slow longer.
Sonja shoots a curare-tipped needle.
The curare-tipped needle hits you.
You are more poisoned.
You have difficulty breathing.
* * * LOW HITPOINT WARNING * * *
You feel as though you will be slow longer.
You see here 2 curare-tipped needles.
You die...

#.....#..#.#
##...###...####
.#.....#.......#
.....#..[##.##.#
.....'...##.##.#
.....#...##.##.#
#..#..#..#.##.#
#...###.#.##.#
.#..#..#.##@#
#....#.##(#
##.#...##(#
..........#
..........#
.......(..#####
.......(......#
.....K†(......#
#
..............#


There were no monsters in sight!

Vanquished Creatures
  3 hydras (D:11)
  3 two-headed ogres
  Pikel (D:6)
  An elephant (D:10)
  2 kobold demonologists (D:11)
  An efreet (D:10)
  2 polar bears (D:11)
  3 hippogriffs
  A wraith (D:11)
  16 yaks
  A vampire (D:11)
  A basilisk (D:11)
  A hungry ghost (D:10)
  Menkaure (D:6)
  A water moccasin (D:11)
  Duvessa (D:7)
  An orc warrior (D:6)
  2 black bears (D:7)
  4 phantoms
  A slave (D:6)
  4 sky beasts
  An ice beast (D:6)
  4 ogres
  2 crocodiles
  2 big kobolds (D:11)
  10 bullfrogs
  A water moccasin zombie (D:8)
  Dowan (D:7)
  3 scorpions
  9 killer bees
  7 wights
  4 crimson imps
  4 howler monkeys (D:9)
  A bullfrog zombie (D:9)
  3 jellies
  4 quasits
  5 hounds
  4 orc priests
  Crazy Yiuf (D:7)
  A bullfrog skeleton (D:8)
  10 orc wizards
  3 iguanas
  5 worker ants
  A killer bee zombie (D:7)
  2 hound skeletons
  3 mummies (Ossuary)
  A howler monkey zombie (D:8)
  A worker ant zombie (D:11)
  3 gnolls (D:7)
  12 adders
  3 shadow imps
  2 adder skeletons
  An adder zombie (Ossuary)
  A worm (D:2)
  A dart slug (D:3)
  3 leopard geckos
  25 orcs
  A ball python (D:5)
  7 giant cockroaches
  7 goblins
  8 hobgoblins
  4 jackals
  11 kobolds
  A quokka (D:7)
  7 bats
  4 frilled lizards
  3 goblin zombies (Ossuary)
  7 hobgoblin zombies (Ossuary)
  3 kobold zombies (Ossuary)
  A quokka skeleton (D:8)
  4 quokka zombies
  8 rats
  A rat zombie (Ossuary)
272 creatures vanquished.

Vanquished Creatures (collateral kills)
  A kobold demonologist (D:11)
  A wraith (D:11)
  A yak (D:11)
  A bullfrog (D:11)
  A centaur zombie (D:11)
5 creatures vanquished.

Vanquished Creatures (others)
  A plant (D:11)
1 creature vanquished.

Grand Total: 278 creatures vanquished

Notes
Turn   | Place    | Note
-------+----------+-------------------------------------------
     0 | D:1      | LairdRich the Minotaur Berserker began the quest for the Orb.
     0 | D:1      | Reached XP level 1. HP: 19/19 MP: 0/0
   314 | D:1      | Reached skill level 4 in Axes
   355 | D:1      | Reached XP level 2. HP: 27/27 MP: 1/1
  1083 | D:2      | Reached XP level 3. HP: 33/33 MP: 2/2
  1091 | D:2      | Reached ** piety under Trog
  1579 | D:3      | Reached XP level 4. HP: 35/41 MP: 3/3
  1660 | D:3      | Reached skill level 5 in Axes
  1768 | D:3      | Reached *** piety under Trog
  1870 | D:3      | Found a bloodstained altar of Trog.
  2080 | D:4      | Reached XP level 5. HP: 42/47 MP: 4/4
  2451 | D:4      | Reached skill level 6 in Axes
  2814 | D:5      | Entered Level 5 of the Dungeon
  2823 | D:5      | Reached skill level 5 in Fighting
  2858 | D:5      | Found a staircase to the Ecumenical Temple.
  2858 | D:5      | Noticed a sky beast
  2874 | D:5      | Killed a sky beast
  2874 | D:5      | Reached XP level 6. HP: 34/56 MP: 5/5
  3051 | D:5      | Found a sand-covered staircase.
  3056 | Ossuary  | Entered an ossuary
  3320 | D:5      | Reached skill level 7 in Axes
  3381 | D:5      | Found a shattered altar of Ashenzari.
  3399 | D:5      | Reached skill level 5 in Armour
  3399 | D:5      | Reached XP level 7. HP: 58/62 MP: 6/6
  3430 | D:5      | Found a shimmering altar of Xom.
  3734 | D:5      | Found an ornate altar of the Wu Jian Council.
  3848 | D:5      | Found a glowing golden altar of the Shining One.
  3943 | D:5      | Reached **** piety under Trog
  4083 | D:6      | Noticed Menkaure
  4087 | D:6      | Killed Menkaure
  4087 | D:6      | Reached skill level 8 in Axes
  4181 | D:6      | Found a stormy altar of Qazlal.
  4263 | D:6      | Reached XP level 8. HP: 70/71 MP: 7/7
  4336 | D:6      | Reached skill level 9 in Axes
  4435 | D:6      | Found an ancient bone altar of Kikubaaqudgha.
  4448 | D:6      | Found a blossoming altar of Fedhas.
  4454 | D:6      | Found a white marble altar of Elyvilon.
  4457 | D:6      | Found an iron altar of Okawaru.
  4457 | D:6      | Noticed Pikel
  4482 | D:6      | Killed Pikel
  4482 | D:6      | Reached skill level 10 in Axes
  4758 | D:7      | Noticed Dowan
  4760 | D:7      | Noticed Duvessa
  4762 | D:7      | Reached XP level 9. HP: 72/81 MP: 8/8
  4770 | D:7      | Killed Dowan
  4773 | D:7      | Killed Duvessa
  4798 | D:7      | Reached skill level 11 in Axes
  5953 | D:7      | Found a runed door.
  6188 | D:7      | Noticed Crazy Yiuf
  6191 | D:7      | Cast into level 1 of the Abyss (Crazy Yiuf)
  6196 | D:7      | Escaped the Abyss
  6197 | D:7      | Killed Crazy Yiuf
  6348 | D:8      | Reached skill level 12 in Axes
  6688 | D:8      | Reached ***** piety under Trog
  6936 | D:8      | Noticed a two-headed ogre
  6947 | D:8      | Killed a two-headed ogre
  6947 | D:8      | Reached XP level 10. HP: 61/91 MP: 9/9
  7313 | D:9      | Noticed a two-headed ogre
  7321 | D:9      | Killed a two-headed ogre
  7321 | D:9      | Reached skill level 13 in Axes
  7531 | D:9      | Reached skill level 10 in Fighting
  7898 | D:9      | Reached skill level 10 in Armour
  8019 | D:9      | Noticed a two-headed ogre
  8028 | D:9      | Killed a two-headed ogre
  8028 | D:9      | Reached skill level 14 in Axes
  8190 | D:9      | Found a snail-covered altar of Cheibriados.
  8498 | D:10     | Entered Level 10 of the Dungeon
  8772 | D:10     | Reached XP level 11. HP: 101/101 MP: 10/10
  9169 | D:10     | Received a gift from Trog
  9443 | D:10     | Found a staircase to the Orcish Mines.
 10006 | D:11     | Found a staircase to the Lair.
 10205 | D:11     | Found a bloodstained altar of Trog.
 10214 | D:11     | Reached skill level 15 in Axes
 10366 | D:11     | Noticed an eight-headed hydra
 10775 | D:11     | Received a gift from Trog
 10894 | D:11     | Killed a nine-headed hydra
 11066 | D:11     | Noticed a five-headed hydra
 11080 | D:11     | Killed a five-headed hydra
 11215 | D:11     | Noticed a six-headed hydra
 11222 | D:11     | Noticed Sonja
 11223 | D:11     | Killed a six-headed hydra
 11229 | D:11     | HP: 4/104 [asphyx]
 11230 | D:11     | Succumbed to Sonja's curare-tipped needle

Skill      XL: |  1  2  3  4  5  6  7  8  9 10 11 |
---------------+----------------------------------+-----
Axes           | 4 5 6 7 8 10 12 14 15 | 15.9
Fighting       | 4 5 6 7 9 10 12 | 12.0
Armour         | 3 4 5 6 7 9 10 11 | 11.7
Dodging        | |  2.1

Action                   |  1- 3 |  4- 6 |  7- 9 | 10-12 || total
-------------------------+-------+-------+-------+-------++-------
Melee: Hand axe          |    37 |       |   147 |    41 ||   225
       Headbutt          |    11 |    12 |    55 |    79 ||   157
       Trident           |    54 |   110 |    66 |    20 ||   250
       War axe           |       |       |    46 |   301 ||   347
Invok: Berserk           |       |       |     2 |     1 ||     3
       Burn Spellbooks   |       |       |     1 |     1 ||     2
       Trog's Hand       |       |       |       |     2 ||     2
       Brothers in Arms  |       |       |       |     1 ||     1
  Use: Scroll            |       |     7 |     3 |     9 ||    19
  Eat: Chunk             |     2 |     2 |     6 |    12 ||    22
       Ration            |       |     1 |     2 |     2 ||     5
Armor: Chain mail        |    45 |    40 |   128 |   236 ||   449
       Animal skin       |     1 |       |       |       ||     1
Dodge: Dodged            |    40 |    28 |    79 |   116 ||   263
Block: Buckler           |       |       |    33 |    46 ||    79
